 Dungeon Crawl Stone Soup version 0.29-a0-340-g6efceafd81 (webtiles) character file.

Game seed: 12561428313496701498

42055 spaghetti the Peltast (level 14, -6/102 (106) HPs)
             Began as an Octopode Fighter on Apr 19, 2022.
             Was an Initiate of Gozag.
             Mangled by a boulder beetle (43 damage)
             ... on level 5 of the Lair of Beasts.
             The game lasted 00:36:43 (25577 turns).

spaghetti the Peltast (Octopode Fighter)           Turns: 25577, Time: 00:36:44

HP:   -6/102 (106)  AC:  4    Str: 28    XL:     14   Next: 18%
MP:   14/14         EV: 31    Int: 15    God:    Gozag
Gold: 3202          SH: 16    Dex: 26    Spells: 13/13 levels left

rFire   + . .      SeeInvis .   M - +2 war axe (distort) {!waxe}
rCold   . . .      Faith    .   L - +0 kite shield
rNeg    + . .      Spirit   .   B - +1 hat {Will+}
rPois   +          Reflect  .   y - amulet of the acrobat
rElec   .          Harm     .   n - +6 ring of dexterity
rCorr   .          Rampage  .   D - +4 ring of slaying
Will    ++...                   F - +6 ring of strength
Stlth   +++.......              O - +6 ring of intelligence
HPRegen 0.27/turn               q - ring of Etraduck {Fire rPois Str+7 Int-2 Dex+4}
MPRegen 0.14/turn               X - ring of protection from cold
                                N - ring of positive energy
                                Z - +4 ring of evasion

@: gold aura, lightly drained
A: almost no armour, amphibious, 8 rings, camouflage 1, gelatinous body 1,
(nimble swimmer 1), tentacles, tentacle spike 1, iridescent scales 1, subdued
magic 1
a: Renounce Religion, Potion Petition, Call Merchant, Bribe Branch


You were on level 5 of the Lair of Beasts.
You worshipped Gozag.
Gozag was most pleased with you.
You visited 3 branches of the dungeon, and saw 18 of its levels.
You also visited: Ossuary.

You collected 3487 gold pieces.
You paid 285 gold pieces to Gozag.


Innate Abilities, Weirdness & Mutations

You cannot wear most types of armour.
You are amphibious.
You can wear up to eight rings at the same time.
Your skin changes colour to match your surroundings (Stealth+).
Your rubbery body absorbs attacks. (AC +1, EV +1)
((You are camouflaged when in or above water. (Stealth+)))
You have tentacles for arms and can constrict up to eight enemies at once.
One of your tentacles bears a spike.
You are partially covered in iridescent scales. (AC +2)
Your spells are a little easier to cast, but a little less powerful.


   Skills:
 + Level 13.1 Fighting
 - Level 2.0 Long Blades
 - Level 15.0 Dodging
 - Level 15.0 Shields


You had 13 spell levels left.
You didn't know any spells.
Your spell library contained the following spells:

 Spells                   Type           Power      Damage    Failure   Level
 Apportation              Tloc           0%         N/A       38%         1
 Blink                    Tloc           0%         N/A       52%         2
 Sublimation of Blood     Necr           0%         N/A       52%         2
 Lesser Beckoning         Tloc           0%         N/A       77%         3
 Petrify                  Tmut/Erth      0%         N/A       99%         4
 Alistair's Intoxication  Tmut/Pois      0%         N/A       100%        5
 Irradiate                Conj/Tmut      0%         3d13      100%        5
 Manifold Assault         Tloc           0%         N/A       100%        5

Inventory:

Hand Weapons
 M - a +2 war axe of distortion (weapon) {!waxe}
   (You took it off an orc on level 7 of the Dungeon)
Missiles
 h - 516 stones (quivered) {throwing}
 p - 29 poisoned darts {throwing}
 t - 2 throwing nets {=f!fthrowing}
 K - 10 boomerangs {throwing}
 Y - 4 curare-tipped darts {=fthrowing}
Armour
 e - a +0 tower shield
   (You found it on level 1 of the Dungeon)
 B - a +1 hat of willpower (worn)
   (You took it off Gastronok on level 3 of the Lair of Beasts)
 L - a +0 kite shield (worn)
   (You found it on level 7 of the Dungeon)
Jewellery
 n - a +6 ring of dexterity (left tentacle)
   (You found it on level 1 of the Dungeon)
 q - the ring of Etraduck (on tentacle) {Fire rPois Str+7 Int-2 Dex+4}
   (You acquired it on level 9 of the Dungeon)

   [ring of fire]

   It enhances your fire magic.
   Str:       It affects your strength (+7).
   Int:       It affects your intelligence (-2).
   Dex:       It affects your dexterity (+4).
   rF:        It protects you from fire.
   rC:        It makes you vulnerable to cold.
   rPois:     It protects you from poison.
 y - an amulet of the acrobat (around mantle)
   (You found it on level 9 of the Dungeon)
 D - a +4 ring of slaying (right tentacle)
   (You found it on level 6 of the Dungeon)
 F - a +6 ring of strength (on tentacle)
   (You found it on level 6 of the Dungeon)
 N - a ring of positive energy (on tentacle)
   (You found it on level 2 of the Lair of Beasts)
 O - a +6 ring of intelligence (on tentacle)
   (You found it on level 8 of the Dungeon)
 U - a ring of fire
   (You found it on level 1 of the Lair of Beasts)
 X - a ring of protection from cold (on tentacle)
   (You found it on level 3 of the Lair of Beasts)
 Z - a +4 ring of evasion (on tentacle)
   (You found it on level 3 of the Lair of Beasts)
Wands
 R - a wand of paralysis (10)
   (You found it on level 10 of the Dungeon)
 S - a wand of flame (5)
   (You found it on level 10 of the Dungeon)
 V - a wand of polymorph (5)
   (You found it on level 2 of the Lair of Beasts)
 W - a wand of iceblast (7)
   (You found it on level 2 of the Lair of Beasts)
Scrolls
 a - 2 scrolls of identify {@r1}
 i - 4 scrolls of amnesia
 m - 2 scrolls of enchant weapon
 o - 3 scrolls of enchant armour
 r - 13 scrolls of teleportation {@r4}
 u - a scroll of blinking {!r}
 z - a scroll of vulnerability {!r!r}
 A - 4 scrolls of immolation {!r!r}
 C - a scroll of brand weapon
 G - 6 scrolls of magic mapping {!r}
 H - a scroll of fear
 I - a scroll of noise {!r}
 P - 2 scrolls of fog
 T - a scroll of silence {!r}
Potions
 c - 5 potions of haste {@q3}
 d - 9 potions of curing {@q1}
 j - 2 potions of heal wounds {@q2}
 k - a potion of berserk rage {!q}
 l - 5 potions of lignification {!q}
 s - 3 potions of flight
 v - a potion of attraction {!q}
 w - 3 potions of cancellation
 x - a potion of mutation {!q}
 E - 4 potions of brilliance
 J - 6 potions of degeneration {unknown}
 Q - 3 potions of might

Dungeon Overview and Level Annotations

Branches:
Dungeon (12/15)            Temple (1/1) D:5            Lair (5/6) D:9
 Shoals (0/4) Lair:3        Snake (0/4) Lair:3      Ossuary (visited)
  Slime: Lair:5-6       Orc: D:9-12

Altars:
Ashenzari
Cheibriados
Dithmenos
Elyvilon
Fedhas
Gozag
Hepliaklqana
Kikubaaqudgha
Makhleb
Nemelex Xobeh
Okawaru
Qazlal
Ru
Sif Muna
Trog
Uskayaw
Vehumet
Wu Jian
Xom
Yredelemnul
Zin
The Shining One

Shops:
D:4 [

Annotations:
D:7 1 runed translucent door, Antichthon's ghost, novice NaWr
D:12 exclusion: door
Abyss:1 Lodul

#.# #.?.
..... .)..#
......
####......
#@BY......
#$W○#..#.
##°°......
.(.......
..........
....##.....
#.(W.#
....#
P(.... ...#
..(....
....


You could see a boulder beetle (rolling), an elephant and a wraith.


Message History

You pierce the wraith.
You completely miss the wraith.
The wraith is no longer distracted by gold.
You hit Josephine.
Space warps horribly around Josephine!
You feel yourself speed up.
Josephine seems less brilliant.
The wraith misses you. The wraith completely misses you.
Josephine screams, "I have something special for you."
Josephine draws life force from you!
Josephine is healed by the life force!
You block the wraith's attack. The wraith closely misses you.
Josephine hits you but does no damage.
The boulder beetle stops rolling and uncurls.
You block the wraith's attack. Josephine completely misses you.
The wraith is distracted by your dazzling golden aura. 😮 HP[-10]
You take 10 damage, and now have 53/104 hp.
Unknown command.
You catch the helpless wraith completely off-guard!
You slash the wraith!
Space warps around the wraith.
You destroy the wraith!
You completely miss Josephine. You barely miss the wraith.
The wraith is no longer distracted by gold.
The boulder beetle leaps!
You block the wraith's attack.
The elephant is distracted by your dazzling golden aura.
Josephine misses you.
The boulder beetle curls into a ball and begins rolling!
The komodo dragon misses you.
Your Fighting skill increases to level 13! 😮 HP[+2]
You now have 106 max hp (+2).
You regained 2 hp, and now have 55/106 hp.
The elephant trumpets!
You hit the komodo dragon.
Space warps around the komodo dragon.
You squeeze the komodo dragon! You closely miss Josephine.
You hit the wraith but do no damage.
The wraith is devoured by a tear in reality.
The wraith is distracted by your dazzling golden aura.
You block Josephine's attack.
The komodo dragon is distracted by your dazzling golden aura.
The wraith completely misses you. Josephine completely misses you.
The komodo dragon hisses angrily.
You slash the komodo dragon!
Space warps horribly around the komodo dragon!
You kill the komodo dragon!
You barely miss Josephine. You hit the wraith but do no damage.
The elephant is no longer distracted by gold.
The boulder beetle is distracted by your dazzling golden aura.
The wraith is distracted by your dazzling golden aura.
You block Josephine's attack.
The elephant is distracted by your dazzling golden aura.
The elephant completely misses you. The elephant trunk-slaps you.
Josephine is distracted by your dazzling golden aura. 😮 HP[-1]
You take 1 damage, and now have 54/106 hp.
You slash the elephant!
You kill the elephant!
You hit Josephine.
Space warps horribly around Josephine!!
Josephine is no longer distracted by gold.
You hit the wraith but do no damage.
Space warps horribly around the wraith.
The wraith is no longer distracted by gold. x2
The elephant is no longer distracted by gold.
The boulder beetle is no longer distracted by gold.
You block the wraith's attack. You block Josephine's attack.
The elephant is distracted by your dazzling golden aura.
The elephant trumpets!
You hit the wraith but do no damage.
Space warps horribly around the wraith!
You pierce the wraith, but do no damage.
You squeeze the wraith! You barely miss the wraith. You barely miss Josephine.
The elephant is no longer distracted by gold.
The wraith is distracted by your dazzling golden aura.
Josephine casts a spell at you.
The ghostly flame explodes!
The ghostly fireball engulfs you!! You partially resist.
You feel drained.
* * * LOW HITPOINT WARNING * * *
The ghostly fireball engulfs the wraith.
The wraith completely resists.
The ghostly fireball engulfs Josephine.
Josephine completely resists.
The ghostly fireball engulfs the wraith.
The wraith completely resists.
The wraith is no longer distracted by gold.
You block the wraith's attack. The wraith completely misses you.
The elephant is distracted by your dazzling golden aura.
The wraith closely misses you.
Josephine is distracted by your dazzling golden aura.
The elephant trumpets!
You hear a trumpeting!
You hear a croak.
You hear a trumpeting!
You hear a croak.
You hear a loud, deep croak!
Unknown command. 😨 HP[-18]
You now have 102 max hp (-4).
You take 18 damage, and now have 36/102 hp.
Unknown command.
You closely miss the wraith.
Josephine shouts!
Your tentacle spike misses the wraith.
You slash Josephine!
You kill Josephine!
You slash the wraith!
Space warps horribly around the wraith!
You destroy the wraith!
The boulder beetle hits you!!!
You die...
Your body crumbles into a pile of gold.

Skill      XL: |  1  2  3  4  5  6  7  8  9 10 11 12 13 14 |
---------------+-------------------------------------------+-----
Dodging        | 4 6 7 9 10 12 14 15 | 15.0
Shields        | 6 10 13 15 | 15.0
Fighting       | 7 10 12 13 | 13.1
Long Blades    | |  2.0

Action                   |  1- 3 |  4- 6 |  7- 9 | 10-12 | 13-15 || total
-------------------------+-------+-------+-------+-------+-------++-------
Melee: Long sword        |    19 |       |       |       |       ||    19
       Constrict         |    26 |    24 |    59 |    47 |    35 ||   191
       Tentacles         |    21 |    24 |   102 |    88 |    59 ||   294
       Dagger            |    52 |    92 |   213 |       |       ||   357
       Punch             |     2 |     1 |     1 |     4 |     4 ||    12
       War axe           |       |       |    43 |   330 |   193 ||   566
       Kick              |       |       |       |    17 |    89 ||   106
Throw: Stone             |       |     3 |    80 |   276 |   186 ||   545
       Throwing net      |       |       |     1 |       |     1 ||     2
       Dart              |       |       |       |     3 |    22 ||    25
Invok: Potion Petition   |       |       |       |     1 |       ||     1
Evoke: Wand              |       |       |       |     7 |       ||     7
  Use: Potion            |       |     2 |     3 |     7 |       ||    12
       Scroll            |       |       |       |    27 |       ||    27
 Stab: Sleeping          |     9 |     9 |     9 |     3 |       ||    30
       Distracted        |       |       |       |     7 |     3 ||    10
Armor: Skin              |     4 |     4 |     4 |    10 |    11 ||    33
Dodge: Dodged            |    27 |    24 |   105 |   237 |   178 ||   571
Block: Buckler           |    15 |       |       |       |       ||    15
       Tower shield      |     6 |    59 |   122 |       |       ||   187
       Kite shield       |       |       |    18 |   259 |   198 ||   475

Levels and vault maps discovered:
D:1:      beargit_arrival_greenhouse, layout_loops_corners,
          minmay_misc_feat_chi, chequers_serial_rivers_micro_e
D:2:      layout_loops_ring, basic_altar
D:3:      layout_loops_ring, lemuel_blue_sif_altar, basic_ecumenical_altar
D:4:      kennysheep_spiral_hall, layout_loops_ring, minivault_24,
          nicolae_take_the_stairs, kennysheep_generic_room_13
D:5:      layout_basic, grunt_temple_overflow_diamond,
          minmay_temple_entry_crystal_x
D:6:      layout_basic, ashenzari_conservatory_becter, water_maze_lemuel,
          uniq_sigmund
D:7:      layout_basic, nicolae_ru_sacrificial_ziggurat,
          hellmonk_ghost_happy_afterlife, eino_jars
D:8:      layout_basic, lightli_ossuary_entry_decrepit_ruins,
          lemuel_old_faithful
D:9:      layout_stronghold, lair_entry_dummy, minmay_circle_x
D:10:     layout_rooms, chequers_hall_statues_y, item_on_display_a, uniq_lodul
D:11:     layout_loops_ring
D:12:     layout_roguey [special_room_orc], orc_0_dummy
Temple:   kb_temple_of_zot
Lair:1:   layout_misc_corridors, serial_forest, infiniplex_forest_clump_small,
          infiniplex_forest_lined_room_2, infiniplex_forest_clump_cross,
          infiniplex_forest_straight_4, infiniplex_forest_clump_tiny,
          infiniplex_forest_clump_small, infiniplex_forest_3_way,
          infiniplex_forest_straight_2, infiniplex_forest_end_1,
          grunt_megastairs_3, serial_bayou_shore_b
Lair:2:   layout_regular_city, st_stairs_11, grunt_megastairs_4,
          infiniplex_staircase_pool_2
Lair:3:   layout_layer_cave, minmay_shoals_entry_hut,
          guppyfry_snake_entry_island, nicolae_volcano_entry_batcave,
          st_stairs_6, wad_woods_01, lemuel_fruit_fields,
          infiniplex_staircase_pool, lemuel_fruit_fields, uniq_gastronok
Lair:4:   layout_cellular_growth, grunt_megastairs_5
Lair:5:   layout_misc_corridors, slime_altar_1, minmay_lair_oklob_items,
          st_stairs_9, uniq_josephine

Notes
Turn   | Place    | Note
-------+----------+-------------------------------------------
     0 | D:1      | spaghetti the Octopode Fighter began the quest for the Orb.
     0 | D:1      | Reached XP level 1. HP: 16/16 MP: 1/1
     0 | D:1      | magus.rc [v1.9.6]
   224 | D:1      | Reached XP level 2. HP: 16/21 MP: 2/2
   725 | D:1      | Reached skill level 4 in Dodging
   904 | D:1      | Reached XP level 3. HP: 26/26 MP: 3/3
  1556 | D:2      | Found a glowing golden altar of the Shining One.
  1760 | D:2      | Reached XP level 4. HP: 31/31 MP: 4/4
  1817 | D:2      | Reached skill level 5 in Dodging
  2104 | D:3      | Found a faded altar of an unknown god.
  2596 | D:3      | Found a shimmering blue altar of Sif Muna.
  3038 | D:4      | Noticed a bullfrog
  3046 | D:4      | Killed a bullfrog
  3047 | D:4      | Reached skill level 6 in Dodging
  3047 | D:4      | Reached XP level 5. HP: 32/36 MP: 5/5
  3142 | D:4      | Found Voafyptu's Armour Shoppe.
  3189 | D:4      | Noticed a black bear
  3200 | D:4      | Killed a black bear
  3201 | D:4      | Reached XP level 6. HP: 15/42 MP: 6/6
  3560 | D:4      | Reached skill level 7 in Dodging
  3905 | D:4      | Reached XP level 7. HP: 39/46 MP: 7/7
  4141 | D:4      | Reached skill level 8 in Dodging
  4575 | D:5      | Entered Level 5 of the Dungeon
  4743 | D:5      | Found a staircase to the Ecumenical Temple.
  4805 | Temple   | Entered the Ecumenical Temple
  4918 | Temple   | Became a worshipper of Gozag Ym Sagoz the Greedy
  5021 | D:5      | Reached skill level 9 in Dodging
  5283 | D:5      | Reached XP level 8. HP: 52/52 MP: 8/8
  5958 | D:5      | Found a hazy altar of Hepliaklqana.
  5964 | D:5      | Found a blossoming altar of Fedhas.
  5968 | D:5      | Found an iron altar of Okawaru.
  6381 | D:6      | Identified a +2 robe of the Archmagi
  6381 | D:6      | Noticed Sigmund
  6394 | D:6      | Killed Sigmund
  6395 | D:6      | Reached skill level 10 in Dodging
  6395 | D:6      | Reached skill level 4 in Shields
  6714 | D:6      | Reached skill level 5 in Shields
  7208 | D:6      | Found a broken altar of Ashenzari.
  7230 | D:6      | Reached skill level 6 in Shields
  7434 | D:6      | Reached XP level 9. HP: 28/56 MP: 9/9
  7798 | D:6      | Reached skill level 7 in Shields
  8196 | D:7      | You pick up a book of Party Tricks and begin reading...
  8196 | D:7      | You add the spells Apportation and Alistair's Intoxication
                  | to your library.
  8257 | D:7      | You pick up a book of Spatial Translocations and begin
                  | reading...
  8257 | D:7      | You add the spells Blink, Lesser Beckoning and Manifold
                  | Assault to your library.
  8380 | D:7      | Noticed Antichthon's ghost (novice NaWr)
  8381 | D:7      | Found a runed translucent door.
  8396 | D:7      | Found a sacrificial altar of Ru.
  8425 | D:7      | Reached skill level 8 in Shields
  9253 | D:7      | Reached skill level 9 in Shields
  9689 | D:8      | Found a sand-covered staircase.
  9699 | Ossuary  | Entered an ossuary
  9753 | Ossuary  | Reached skill level 10 in Shields
  9931 | Ossuary  | Reached XP level 10. HP: 63/63 MP: 10/10
 10373 | Ossuary  | Reached skill level 11 in Shields
 11558 | D:9      | Reached skill level 12 in Shields
 11625 | D:9      | Identified a scroll of acquirement
 11637 | D:9      | Acquired the ring of Etraduck {Fire rPois Str+7 Int-2
                  | Dex+4}
 11914 | D:9      | HP: 15/63 [very large slime creature (48)]
 11943 | D:10     | Entered Level 10 of the Dungeon
 11953 | D:9      | HP: 14/63 [kobold brigand/+0 short sword (6)]
 12463 | D:9      | Found a staircase to the Lair.
 12632 | D:9      | HP: 5/63 [large slime creature (14)]
 13357 | Lair:1   | Entered Level 1 of the Lair of Beasts
 13661 | D:9      | Reached skill level 13 in Shields
 14087 | D:10     | Reached XP level 11. HP: 56/67 MP: 11/11
 14166 | D:10     | Noticed Lodul
 14321 | D:10     | Noticed a two-headed ogre
 14326 | D:9      | Reached skill level 14 in Shields
 14432 | D:10     | Noticed a two-headed ogre
 14433 | D:10     | Noticed a two-headed ogre
 14668 | D:9      | Killed a two-headed ogre
 14837 | D:10     | Noticed a two-headed ogre
 14846 | D:9      | Killed a two-headed ogre
 14940 | D:9      | Banished a two-headed ogre
 14941 | D:9      | Reached skill level 15 in Shields
 14941 | D:9      | Banished a two-headed ogre
 15267 | D:10     | Banished Lodul
 15268 | D:10     | Reached skill level 4 in Fighting
 15785 | D:10     | Reached skill level 5 in Fighting
 16148 | D:11     | Reached skill level 6 in Fighting
 16294 | D:11     | Noticed a cyclops
 16305 | D:11     | Killed a cyclops
 16306 | D:11     | Reached skill level 7 in Fighting
 16306 | D:11     | Reached XP level 12. HP: 81/81 MP: 12/12
 16503 | D:11     | Reached skill level 8 in Fighting
 17223 | D:12     | Noticed a centaur warrior
 17234 | D:12     | Killed a centaur warrior
 17235 | D:12     | Reached skill level 9 in Fighting
 17261 | D:12     | HP: 14/85 [large slime creature (25)]
 18270 | Lair:1   | Reached skill level 10 in Fighting
 18515 | Lair:1   | Reached skill level 11 in Dodging
 18685 | Lair:1   | Gained mutation: You possess an exceptional clarity of
                  | mind. [potion of mutation]
 18685 | Lair:1   | Gained mutation: Your spells are a little easier to cast,
                  | but a little less powerful. [potion of mutation]
 18685 | Lair:1   | Gained mutation: You expend magic power (3 MP) to
                  | strengthen your wands. [potion of mutation]
 18686 | Lair:1   | Lost mutation: You possess an exceptional clarity of mind.
                  | [potion of mutation]
 18686 | Lair:1   | Lost mutation: You expend magic power (3 MP) to strengthen
                  | your wands. [potion of mutation]
 18686 | Lair:1   | Gained mutation: You are strong-willed. (Will+) [potion of
                  | mutation]
 18686 | Lair:1   | Gained mutation: One of your tentacles bears a spike.
                  | [potion of mutation]
 18686 | Lair:1   | Lost mutation: You are strong-willed. (Will+) [potion of
                  | mutation]
 18686 | Lair:1   | Gained mutation: You are partially covered in iridescent
                  | scales. (AC +2) [potion of mutation]
 18815 | Lair:1   | Noticed a seven-headed hydra
 18844 | Lair:2   | Noticed a five-headed hydra
 18893 | Lair:2   | Killed a five-headed hydra
 18914 | Lair:2   | HP: 17/87 [komodo dragon (25)]
 19259 | Lair:2   | Reached skill level 12 in Dodging
 19730 | Lair:2   | Reached XP level 13. HP: 92/92 MP: 13/13
 20193 | Lair:3   | Noticed Gastronok
 20193 | Lair:3   | Found a staircase to the Snake Pit.
 20229 | Lair:3   | Reached skill level 13 in Dodging
 20760 | Lair:3   | HP: 18/93 [blink frog (15)]
 21574 | Lair:3   | Paralysed by a spriggan for 6 turns
 22029 | Lair:3   | Killed Gastronok
 22030 | Lair:3   | Reached skill level 11 in Fighting
 22328 | Lair:3   | Reached skill level 14 in Dodging
 24021 | Lair:3   | Found a staircase to the Shoals.
 24343 | Lair:4   | You pick up a book of Alchemy and begin reading...
 24343 | Lair:4   | You add the spells Sublimation of Blood, Petrify and
                  | Irradiate to your library.
 24454 | Lair:4   | Reached skill level 12 in Fighting
 24688 | Lair:4   | Reached XP level 14. HP: 98/104 MP: 14/14
 25556 | Lair:5   | Noticed Josephine
 25565 | Lair:5   | Reached skill level 15 in Dodging
 25573 | Lair:5   | Reached skill level 13 in Fighting
 25577 | Lair:5   | Killed Josephine
 25577 | Lair:5   | Mangled by a boulder beetle

Vanquished Creatures
  Gastronok (Lair:3)
  Josephine (Lair:5)
  A hydra (Lair:2)
  A centaur warrior (D:12)
  2 two-headed ogres (D:9)
  3 death yaks (Lair:4)
  A deep elf pyromancer (D:12)
  3 cyclopes (D:11)
  9 elephants
  9 komodo dragons
  4 cane toads
  A rime drake (Lair:2)
  2 trolls
  20 blink frogs
  A polar bear (Lair:2)
  7 slime creatures
  A snapping turtle (Lair:3)
  Sigmund (D:6)
  3 wyverns
  6 spriggans (Lair:3)
  3 wraiths (Lair:5)
  3 fire bats (Lair:3)
  A vampire (D:10)
  2 steam dragons
  28 yaks
  2 basilisks
  3 nagas
  12 water moccasins
  3 hornet zombies (Ossuary)
  2 ice beasts
  2 orc warriors
  2 black bears
  10 wolves
  6 ogres
  5 centaurs
  2 phantoms
  3 kobold brigands
  3 scorpions
  A necrophage (D:5)
  8 bullfrogs
  A wyvern zombie (Ossuary)
  3 gnoll sergeants
  4 wights (D:9)
  14 killer bees
  4 howler monkeys
  2 electric eels
  6 bullfrog zombies (Ossuary)
  8 hounds
  2 centaur zombies (Ossuary)
  5 jellies
  2 orc priests
  A gnoll shaman (D:7)
  2 iguanas
  5 hell rats (Lair:4)
  3 orc wizards
  2 killer bee zombies (Ossuary)
  16 mummies (Ossuary)
  2 howler monkey zombies (Ossuary)
  12 gnolls
  11 adders
  2 white imps (D:6)
  2 ufetubi (D:5)
  A worm (D:3)
  3 dart slugs
  21 orcs
  2 endoplasms (D:2)
  4 giant cockroaches
  12 goblins
  5 hobgoblins
  2 jackals (D:1)
  8 quokkas
  10 ball pythons
  6 bats
  4 frilled lizards
  23 kobolds
  3 rats
391 creatures vanquished.

Vanquished Creatures (others)
  2 gnolls (D:8)
  A kobold (D:8)
  A bush (Lair:1)
  20 fungi
  79 plants
  4 withered plants (Ossuary)
107 creatures vanquished.

Grand Total: 498 creatures vanquished

Table legend:
 A = Non-vault XP
 B = Vault XP
 C = Vault XP percentage of total XP
 D = Non-vault monster count
 E = Vault monster count
 F = Vault count percentage of total count
                 A         B        C        D         E       F
            +---------+---------+-------+---------+---------+-------
      Total |   43900 |   17301 |  28.3 |     313 |     103 |  24.8
            +---------+---------+-------+---------+---------+-------
        D:1 |      48 |       0 |   0.0 |      30 |       0 |   0.0
        D:2 |      61 |       0 |   0.0 |      16 |       0 |   0.0
        D:3 |      53 |       0 |   0.0 |      18 |       0 |   0.0
        D:4 |     366 |     198 |  35.1 |      18 |       5 |  21.7
        D:5 |     771 |       0 |   0.0 |      18 |       0 |   0.0
        D:6 |     839 |     226 |  21.2 |      18 |       1 |   5.3
        D:7 |     795 |     376 |  32.1 |      16 |       6 |  27.3
        D:8 |     921 |       0 |   0.0 |      17 |       0 |   0.0
        D:9 |    3494 |    4188 |  54.5 |      34 |      12 |  26.1
       D:10 |    2130 |     751 |  26.1 |       9 |       1 |  10.0
       D:11 |    4772 |       0 |   0.0 |      28 |       0 |   0.0
       D:12 |    2333 |     125 |   5.1 |       6 |       4 |  40.0
     Lair:1 |    2582 |     151 |   5.5 |      15 |       1 |   6.2
     Lair:2 |    4181 |    3283 |  44.0 |      15 |      11 |  42.3
     Lair:3 |   11157 |    3839 |  25.6 |      34 |      13 |  27.7
     Lair:4 |    7000 |    1094 |  13.5 |      15 |      11 |  42.3
     Lair:5 |    2397 |    1730 |  41.9 |       6 |       5 |  45.5
    Ossuary |       0 |    1340 | 100.0 |       0 |      33 | 100.0
            +---------+---------+-------+---------+---------+-------

Illustrated notes

Table legend:
 A = Kills in this place as a percentage of kills in entire the game.
 B = Kills by you in this place as a percentage of kills by you in the entire game.
 C = Kills by friends in this place as a percentage of kills by friends in the entire game.
 D = Other kills in this place as a percentage of other kills in the entire game.
 E = Experience gained in this place as a percentage of experience gained in the entire game.
 F = Experience gained in this place divided by the number of levels of this place that you have seen.
                   A       B       C       D       E      F
               +-------+-------+-------+-------+-------+----------------------
         Total | 100.0 | 100.0 |   N/A | 100.0 | 100.0 | 3221.1
       Dungeon |  61.8 |  63.7 |   N/A |  32.0 |  36.7 | 1870.6
          Lair |  30.3 |  28.1 |   N/A |  64.0 |  61.1 | 7482.8
       Ossuary |   7.9 |   8.2 |   N/A |   4.0 |   2.2 | 1340.0
               +-------+-------+-------+-------+-------+----------------------

Table legend: (Time is in decaauts)
 A = Elapsed time spent in this place.
 B = Non-inter-level travel time spent in this place.
 C = Inter-level travel time spent in this place.
 D = Time resting spent in this place.
 E = Time spent auto-exploring this place.
 F = Levels seen in this place.
 G = Mean time per level.
                   A        B        C        D        E       F      G
               +--------+--------+--------+--------+--------+-----+--------+
         Total |  26122 |  24414 |   1708 |   8483 |  12393 |  19 | 1374.8 |
       Dungeon |  17465 |  16099 |   1366 |   5657 |   8354 |  12 | 1455.4 |
        Temple |    142 |    113 |     29 |      0 |     87 |   1 |  142.0 |
          Lair |   7609 |   7297 |    312 |   2590 |   3511 |   5 | 1521.8 |
       Ossuary |    904 |    904 |      0 |    236 |    441 |   1 |  904.0 |
               +--------+--------+--------+--------+--------+-----+--------+

Top non-repeatable levels by time:
  Lair:3: 3306 daAuts
     D:9: 2985 daAuts
  Lair:2: 2308 daAuts
     D:5: 1941 daAuts
     D:6: 1808 daAuts
    D:11: 1603 daAuts
     D:8: 1593 daAuts
     D:4: 1591 daAuts
     D:7: 1392 daAuts
  Lair:4: 1279 daAuts
     D:1: 1242 daAuts
     D:3: 915 daAuts
 Ossuary: 904 daAuts
    D:10: 867 daAuts
     D:2: 849 daAuts
